 Dungeon Crawl Stone Soup version 0.31.0-9-g3a7656b989 (webtiles) character file.

Game seed: 2849156349909534419

101 qw the Shooter (level 4, -2/22 HPs)
             Began as a Spriggan Hunter on Feb 2, 2024.
             Was an Initiate of Okawaru.
             Slain by a phantom (4 damage)
             ... on level 3 of the Dungeon.
             The game lasted 00:00:06 (2048 turns).

qw the Shooter (Spriggan Hunter)                    Turns: 2048, Time: 00:00:07

Health: -2/22      AC:  2    Str:  7    XL:     4   Next: 48%
Magic:  5/5        EV: 20    Int: 10    God:    Okawaru [......]
Gold:   109        SH:  0    Dex: 20    Spells: 3/3 levels left

rFire   . . .        a - +0 shortbow
rCold   . . .        (shield currently unavailable)
rNeg    . . .        c - +0 robe
rPois   +            (helmet restricted)
rElec   .            (no cloak)
rCorr   .            (gloves unavailable)
SInv    +            (boots unavailable)
Will    .....        (no amulet)
Stlth   ++           e - ring of poison resistance
HPRegen 0.23/turn    (no ring)
MPRegen 0.09/turn

%: no passive effects
@: very quick
A: very small, no large weapons, unfitting armour, see invisible, speed 3
a: Renounce Religion


You were on level 3 of the Dungeon.
You worshipped Okawaru.
Okawaru was noncommittal.
You visited 1 branch of the dungeon, and saw 3 of its levels.

You collected 109 gold pieces.


Innate Abilities, Weirdness & Mutations

You are very small and have problems with some larger weapons.
You are too small for most types of armour.
You have supernaturally acute eyesight. (SInv)
You cover ground extremely quickly. (Speed+++)


   Skills:
 + Level 1.6 Fighting
 - Level 5.0 Ranged Weapons
 - Level 5.0 Dodging
 - Level 1.5 Stealth


You had 3 spell levels left.
You didn't know any spells.
Your spell library was empty.

Inventory:

Hand Weapons
 a - a +0 shortbow (weapon)
Armour
 c - a +0 robe (worn)
Jewellery
 e - a ring of poison resistance (left hand)
 g - an amulet of the acrobat
Scrolls
 f - a scroll of fog {unknown}
Potions
 b - a potion of might {unknown}
 d - 2 potions of curing

Dungeon Overview and Level Annotations

Branches:
Dungeon (3/15)

Altars:
Okawaru

Shops:
D:1 *


Message History

You shoot an arrow. The arrow hits the phantom.
The phantom is heavily damaged.
The phantom hits you!
The phantom blinks!
You blink.
Found 7 gold pieces.
You shoot an arrow. The arrow hits the phantom.
The phantom is heavily damaged.
You hear an angry hiss.
The phantom hits you.
You shoot an arrow. The arrow closely misses the phantom.
The phantom barely misses you.
You shoot an arrow. The arrow barely misses the phantom.
The phantom hits you.
You shoot an arrow. The arrow barely misses the phantom.
You hear an angry hiss.
A ball python comes into view.
The phantom misses you.
You shoot an arrow.
The arrow hits the phantom but does no damage.
The phantom is heavily damaged.
The phantom hits you. The ball python completely misses you.
The ball python misses you. The phantom hits you.
You shoot an arrow. The arrow hits the phantom.
The phantom is heavily damaged.
The ball python bites you. The ball python barely misses you.
The phantom misses you. The ball python completely misses you.
The ball python misses you.
You shoot an arrow. The arrow barely misses the phantom.
The ball python barely misses you. The ball python closely misses you.
The phantom closely misses you.
You shoot an arrow. The arrow barely misses the phantom.
The ball python completely misses you. The ball python misses you.
The phantom hits you.
You shoot an arrow. The arrow hits the phantom.
The phantom is almost destroyed.
The ball python closely misses you. The ball python misses you.
The phantom barely misses you. The ball python closely misses you.
The ball python completely misses you.
You shoot an arrow. The arrow hits the phantom.
The phantom is almost destroyed.
The phantom hits you.
You die...

+#..############ #...
..>. .........#
#.$.###############.##
............######...
....................
...........######..
..................
#S........########
#@W.......#
#.........#
#.........#
#.........#
#.........#
#....###### #....#
######


You could see a phantom and a ball python.

Vanquished Creatures
  An orc wizard (D:3)
  2 adders (D:2)
  A ribbon worm (D:3)
  4 orcs (D:3)
  8 endoplasms
  2 giant cockroaches
  3 goblins
  5 hobgoblins
  3 kobolds
  A quokka (D:2)
  8 ball pythons
  4 bats
  4 frilled lizards
  3 rats
49 creatures vanquished.

Notes
Turn   | Place    | Note
-------+----------+-------------------------------------------
     0 | D:1      | qw the Spriggan Hunter began the quest for the Orb.
     0 | D:1      | Reached XP level 1. HP: 10/10 MP: 2/2
     0 | D:1      | 0 ||| qw: Version: 0.3-a-155-g5e7d8dd
     0 | D:1      | 0 ||| qw: Game counter: 1760
     0 | D:1      | 0 ||| qw: Melee chars always use a shield: true
     0 | D:1      | 0 ||| qw: God list: Okawaru
     0 | D:1      | 0 ||| qw: Allow faded altars: false
     0 | D:1      | 0 ||| qw: Do Orc after clearing Dungeon:15 true
     0 | D:1      | 0 ||| qw: Do second Lair branch before Depths: true
     0 | D:1      | 0 ||| qw: Lair rune preference: random
     0 | D:1      | 0 ||| qw: Goals: Normal
     0 | D:1      | 0 ||| PLANNING D:1-11
    34 | D:1      | Reached skill level 3 in Dodging
    35 | D:1      | Found Raefroyn's Assorted Antiques.
    41 | D:1      | 41 ||| SHOPLISTING scroll labelled EMISTOLLAB (26 gold,
                  | have 17).
    41 | D:1      | 41 ||| SHOPLISTING scroll labelled ZOADILOPOJY (26 gold,
                  | have 17).
    41 | D:1      | 41 ||| SHOPLISTING sharpened wooden wand (104 gold, have
                  | 17).
   200 | D:1      | Reached XP level 2. HP: 14/14 MP: 3/3
   711 | D:1      | 711 ||| READING 2 scrolls labelled ZOADILOPOJY.
   711 | D:1      | 711 ||| IDENTIFYING pink potion
   712 | D:1      | 712 ||| READING scroll of identify.
   712 | D:1      | 712 ||| IDENTIFYING scroll labelled BUSHRA VILOEMEE
   713 | D:1      | 713 ||| READING scroll labelled WOUNESMIVU.
   714 | D:1      | 714 ||| DROPPING scroll of butterflies.
   715 | D:1      | 715 ||| DROPPING scroll of amnesia.
   789 | D:2      | Found an iron altar of Okawaru.
   790 | D:2      | 790 ||| PLANNING OKAWARU WORSHIP
   799 | D:2      | Became a worshipper of Warmaster Okawaru
   800 | D:2      | 800 ||| PLANNING D:1-11
   869 | D:2      | Reached XP level 3. HP: 18/18 MP: 4/4
  1438 | D:2      | 1438 ||| UPGRADING to ring of poison resistance.
  1439 | D:2      | 1439 ||| DROPPING ring of magical power.
  1602 | D:3      | Reached XP level 4. HP: 12/22 MP: 5/5
  2032 | D:3      | Noticed a phantom
  2043 | D:3      | HP: 5/22 [phantom (2)]
  2046 | D:3      | HP: 1/22 [phantom (3)]
  2048 | D:3      | Slain by a phantom

Levels and vault maps discovered:
D:1:      denvon_arrival_waterhouse, layout_basic, serial_shops,
          nicolae_shop_tiny_glass
D:2:      layout_basic, basic_altar
D:3:      layout_basic, serial_shops, shop

Skill      XL: |  1  2  3  4 |
---------------+-------------+-----
Dodging        | 3 4 5 |  5.0
Ranged Weapons | 5 |  5.0
Fighting       | |  1.6
Stealth        | |  1.5

Action                     |  1- 3 |  4- 6 || total
---------------------------+-------+-------++-------
   Fire: Shortbow          |   106 |    30 ||   136
    Use: Scroll            |     3 |       ||     3
 Armour: Robe              |     8 |     9 ||    17
  Dodge: Dodged            |    27 |    22 ||    49

Table legend:
 A = Non-vault XP
 B = Vault XP
 C = Vault XP percentage of total XP
 D = Non-vault monster count
 E = Vault monster count
 F = Vault count percentage of total count
                 A         B        C        D         E       F
            +---------+---------+-------+---------+---------+-------
      Total |     145 |       0 |   0.0 |      49 |       0 |   0.0
            +---------+---------+-------+---------+---------+-------
        D:1 |      32 |       0 |   0.0 |      19 |       0 |   0.0
        D:2 |      43 |       0 |   0.0 |      14 |       0 |   0.0
        D:3 |      70 |       0 |   0.0 |      16 |       0 |   0.0
            +---------+---------+-------+---------+---------+-------
